 Dungeon Crawl Stone Soup version 0.28-a0-983-g1de4e0787c (webtiles) character file.

Game seed: 7245075399359736079

0 Blackjack the Vexing (level 1, 13/13 HPs)
             Began as a Gnoll Wanderer on Dec 2, 2021.
             Quit the game on level 1 of the Dungeon.
             The game lasted 00:03:27 (109 turns).

Blackjack the Vexing (Gnoll Wanderer)                Turns: 109, Time: 00:03:27

Health: 13/13      AC:  2    Str:  9    XL:     1   Next: 10%
Magic:  1/1        EV: 11    Int: 14    God:
Gold:   0          SH:  0    Dex: 10    Spells: 0/0 levels left

rFire   . . .      SeeInvis .   a - +0 rapier
rCold   . . .      Faith    .   (no shield)
rNeg    . . .      Spirit   .   d - +0 robe
rPois   .          Reflect  .   (no helmet)
rElec   .          Harm     .   (no cloak)
rCorr   .          Rampage  .   (no gloves)
Will    .....                   (no boots)
Stlth   +.........              (no amulet)
HPRegen 0.04/turn               (no ring)
MPRegen 0.07/turn               (no ring)

@: no status effects
A: fangs 1, strong nose, distributed training
a: no special abilities


You were on level 1 of the Dungeon.
You visited 1 branch of the dungeon, and saw 1 of its levels.

Inventory:

Hand Weapons
 a - a +0 rapier (weapon)
Missiles
 b - 13 poisoned darts (quivered)
Armour
 d - a +0 robe (worn)
Potions
 c - a potion of lignification
 e - a potion of curing {unknown}


   Skills:
 + Level 0.0 Fighting
 + Level 0.0 Short Blades
 + Level 0.0 Long Blades
 + Level 0.0 Axes
 + Level 0.0 Maces & Flails
 + Level 0.0 Polearms
 + Level 0.0 Staves
 + Level 0.0 Slings
 + Level 0.0 Bows
 + Level 0.0 Crossbows
 + Level 2.3 Throwing
 + Level 0.0 Armour
 + Level 0.0 Dodging
 + Level 0.0 Stealth
 + Level 2.3 Shields
 + Level 0.0 Unarmed Combat
 + Level 0.0 Spellcasting
 + Level 0.0 Conjurations
 + Level 7.0 Hexes
 + Level 3.6 Summonings
 + Level 1.9 Necromancy
 + Level 0.0 Translocations
 + Level 1.9 Transmutations
 + Level 0.0 Fire Magic
 + Level 0.0 Ice Magic
 + Level 0.0 Air Magic
 + Level 0.0 Earth Magic
 + Level 0.0 Poison Magic
 + Level 0.0 Invocations
 + Level 0.0 Evocations


You couldn't memorise any spells.
You didn't know any spells.
Your spell library contained the following spells:

 Spells                   Type           Power      Damage    Failure   Level
 Animate Skeleton         Necr           10%        N/A       13%         1
 Pain                     Necr           20%        1d5       13%         1
 Vampiric Draining        Necr           5%         2d6       36%         3
 Animate Dead             Necr           2%         N/A       78%         4
 Agony                    Necr           5%         N/A       98%         5


Dungeon Overview and Level Annotations

Branches:
Dungeon (1/15)

Altars:


Innate Abilities, Weirdness & Mutations

You have very sharp teeth.
Your uncanny sense of smell can sniff out nearby items.
Your experience applies equally to all skills.


Message History

You add the spells Pain, Animate Skeleton, Vampiric Draining, Animate Dead and Agony to your library.
Welcome, Blackjack the Gnoll Wanderer.
Will you prevail where others failed? Will you find the Orb of Zot?
Press ? for a list of commands and other information.
Found a whip.
Found a staircase leading out of the dungeon.
You begin with the following items: a +0 dagger, 13 poisoned darts, a potion of lignification, a +0 robe; and the following spells available to memorise: Animate Skeleton, Pain, Vampiric Draining, Animate Dead, Agony.
Are you sure you want to leave the Dungeon?
This will make you lose the game!
Alright, then stay!
Okay, then.
Unknown command.
No target in view!
Unknown command.
Unknown command.
You swing at nothing.
You see here a +0 whip.
e - a +0 whip Drop what? 5/52 slots (_ for help) (? for menu, Esc to quit)
You drop a +0 whip.
You are already wielding that!
Found 14 stones.
A frilled lizard comes into view.
Found a long sword.
Found a rapier.
You see here a +0 long sword.
You hit the frilled lizard.
You kill the frilled lizard!
e - a +0 long sword
e - a +0 long sword (weapon)
Drop what? 5/52 slots (_ for help) (? for menu, Esc to quit)
You drop a +0 dagger.
You see here a +0 rapier.
a - a +0 rapier
a - a +0 rapier (weapon)
Drop what? 5/52 slots (_ for help) (? for menu, Esc to quit)
You drop a +0 long sword.
e - a puce potion Unknown command.
Are you sure you want to abandon this character and quit the game? (Confirm with "yes".)

## #..# .. #... #.
#.## #. #.## #.
#... #.########
#.##
#........#######.#
##.##.##.#.......#
#@##.##....######
#.##.##.#.##
#.##......#
#.#####.###
#.......#
#########


There were no monsters in sight!

Vanquished Creatures
  A frilled lizard (D:1)
1 creature vanquished.

Notes
Turn   | Place    | Note
-------+----------+-------------------------------------------
     0 | D:1      | Blackjack the Gnoll Wanderer began the quest for the Orb.
     0 | D:1      | Blackjack set off with the following items: a +0 dagger, 13
                  | poisoned darts, a potion of lignification, a +0 robe; and
                  | the following spells available to memorise: Animate
                  | Skeleton, Pain, Vampiric Draining, Animate Dead, Agony
     0 | D:1      | Reached XP level 1. HP: 13/13 MP: 1/1
   109 | D:1      | Quit the game

Illustrated notes

Levels and vault maps discovered:
D:1:      dpeg_arrival_three_same_balls, layout_loops_cross,
          shapermc_ecumenical_altar_notcrosses, nrook_mini_backslash

Action                   || total
-------------------------++-------
Melee: Dagger            ||     1

Table legend: (Time is in decaauts)
 A = Elapsed time spent in this place.
 B = Non-inter-level travel time spent in this place.
 C = Inter-level travel time spent in this place.
 D = Time resting spent in this place.
 E = Time spent auto-exploring this place.
 F = Levels seen in this place.
 G = Mean time per level.
                   A        B        C        D        E       F      G
               +--------+--------+--------+--------+--------+-----+--------+
         Total |    108 |    108 |      0 |      0 |     79 |   1 |  108.0 |
       Dungeon |    108 |    108 |      0 |      0 |     79 |   1 |  108.0 |
               +--------+--------+--------+--------+--------+-----+--------+

Top non-repeatable levels by time:
     D:1: 108 daAuts
